 Dungeon Crawl Stone Soup version 0.23-a0-4-g8f018a2 (webtiles) character file.

210 prawnwizard the Slasher (level 5, 0/41 HPs)
             Began as a Demonspawn Gladiator on July 31, 2018.
             Killed by divine providence
             ... invoked by an orc priest
              (15 damage)
             ... on level 3 of the Dungeon.
             The game lasted 00:02:11 (2210 turns).

prawnwizard the Slasher (Demonspawn Gladiator)      Turns: 2210, Time: 00:02:12

Health: 0/41       AC: 13    Str: 16    XL:     5   Next: 56%
Magic:  5/5        EV:  8    Int:  9    God:
Gold:   154        SH:  0    Dex: 14    Spells: 4/4 levels left

rFire    . . .     SeeInvis .   a - +0 long sword
rCold    . . .     Gourm    .   (no shield)
rNeg     . . .     Faith    .   o - +0 chain mail
rPois    .         Spirit   .   c - +0 helmet
rElec    .         Reflect  .   m - +0 cloak
rCorr    .         Harm     .   s - +0 pair of gloves
MR       .....                  (no boots)
Stlth    ..........             (no amulet)
HPRegen  0.13/turn              (no ring)
MPRegen  0.09/turn              (no ring)

@: no status effects
A: hooves 1, icy blue scales 1, spiny 1, rot immunity
a: no special abilities


You were on level 3 of the Dungeon.
You were not hungry.

You visited 1 branch of the dungeon, and saw 3 of its levels.

You collected 154 gold pieces.

Inventory:

Hand Weapons
 a - a +0 long sword (weapon)
Missiles
 d - 3 throwing nets (quivered)
Armour
 b - a +0 leather armour
 c - a +0 helmet (worn)
 m - a +0 cloak (worn)
 o - a +0 chain mail (worn)
 s - a +0 pair of gloves (worn)
Scrolls
 e - 2 scrolls of identify {unknown}
 g - 3 scrolls of remove curse {unknown}
 j - 2 scrolls of enchant weapon {unknown}
 l - a scroll of magic mapping {unknown}
 n - 3 scrolls of teleportation {unknown}
 p - a scroll of fog {unknown}
 t - a scroll of fear {unknown}
Potions
 i - a potion of cancellation {unknown}
 k - a potion of haste {unknown}
 q - a potion of might {unknown}
 r - 2 potions of curing {unknown}
Comestibles
 f - 10 rations


   Skills:
 + Level 3.3 Fighting
 * Level 4.5 Long Blades
 - Level 1.7 Throwing
 + Level 3.6 Dodging


You had 4 spell levels left.
You didn't know any spells.
Your spell library was empty.

Dungeon Overview and Level Annotations

Branches:
Dungeon (3/15)

Altars:
Yredelemnul


Innate Abilities, Weirdness & Mutations

You have large cloven feet.
You are partially covered in icy blue scales. (AC +2)
You are partially covered in sharp spines.
You are immune to rotting.


Message History

The orc priest mumbles some strange prayers to Beogh against you.
Beogh smites you!
Your chain mail prevents you from hitting the orc priest.
You kick the orc priest.
The orc priest is moderately wounded.
The orc priest miscasts a cantrip.
The orc priest mumbles some strange prayers to Beogh against you.
Beogh smites you!
You are too injured to fight recklessly!
You are too injured to fight recklessly!
You are too injured to fight recklessly!
You are too injured to fight recklessly!
You are too injured to fight recklessly!
You are too injured to fight recklessly!
Unknown command.
You hit the orc priest. Your kick misses the orc priest.
The orc priest is severely wounded.
The orc priest calls down the wrath of Beogh upon you.
Beogh smites you!
You die...

### #.# #.### #...#
#########.#.####
......o@)<..!..# #
###############.### #. #...
........#...# #.#####.#
########.###.###
#....)..####..........#...#
#....###)..#.##.###<#.###.#
####.# #.#.#....#...#.# #.#
#...# #.#)#..#.#.###.###.#
#.### #.#....#.#.# #.....#


You could see an orc priest.

Vanquished Creatures
  An orc priest (D:3)
  Jessica (D:2)
  Robin (D:3)
  4 gnolls (D:2)
  An ooze (D:3)
  3 dart slugs (D:1)
  4 leopard geckos
  5 orcs (D:3)
  5 giant cockroaches
  11 goblins
  4 hobgoblins
  13 jackals
  A quokka (D:2)
  3 ball pythons
  7 bats
  5 frilled lizards
  8 kobolds
  5 rats
82 creatures vanquished.

Notes
Turn   | Place    | Note
-------+----------+-------------------------------------------
     0 | D:1      | prawnwizard the Demonspawn Gladiator began the quest for the Orb.
     0 | D:1      | Reached XP level 1. HP: 16/16 MP: 1/1
   121 | D:1      | Reached skill level 3 in Long Blades
   137 | D:1      | Gained mutation: You are partially covered in sharp spines. [demonic ancestry]
   137 | D:1      | Reached XP level 2. HP: 22/22 MP: 2/2
   528 | D:1      | Gained mutation: You are partially covered in icy blue scales. (AC +2) [demonic ancestry]
   528 | D:1      | Reached XP level 3. HP: 26/28 MP: 3/3
  1102 | D:2      | Gained mutation: You have large cloven feet. [demonic ancestry]
  1102 | D:2      | Reached XP level 4. HP: 34/34 MP: 4/4
  1196 | D:2      | Reached skill level 4 in Long Blades
  1214 | D:2      | Found a faded altar of an unknown god.
  1281 | D:2      | Noticed Jessica
  1285 | D:2      | Killed Jessica
  1285 | D:2      | Gained mutation: You are immune to rotting. [demonic ancestry]
  1285 | D:2      | Reached XP level 5. HP: 12/41 MP: 5/5
  1866 | D:3      | Noticed Robin
  1878 | D:3      | Killed Robin
  2184 | D:3      | Found a basalt altar of Yredelemnul.
  2210 | D:3      | Killed from afar by an orc priest

Vault maps used:
D:1:      lightli_arrival_isolated_outpost, roderic_malta_cross,
          minmay_tiny_reverse_x
D:2:      chequers_ecumenical_altar_grove, glass_columns_a, uniq_jessica
D:3:      first_ration, yredelemnul_altar_generic, uniq_robin

Skill      XL: |  1  2  3  4 |
---------------+-------------+-----
Long Blades    | 3 4 |  4.5
Dodging        | 3 |  3.6
Fighting       | 3 |  3.3
Throwing       | |  1.7

Action                   |  1- 3 |  4- 6 || total
-------------------------+-------+-------++-------
Melee: Long sword        |    91 |    58 ||   149
       Kick              |       |    26 ||    26
 Stab: Sleeping          |     1 |       ||     1
  Eat: Chunk             |     1 |     3 ||     4
Armor: Leather armour    |    33 |     4 ||    37
       Chain mail        |       |    16 ||    16
Dodge: Dodged            |    72 |    24 ||    96
       Rpst.: Long sword |    18 |     9 ||    27

Table legend:
 A = Spawn XP
 B = Non-spawn XP
 C = Spawn XP percentage of total XP
 D = Spawn monster count
 E = Non-spawn monster count
 F = Spawn count percentage of total count
 G = Total turns spent on level
                    A         B        C        D         E        F      G
               +---------+---------+-------+---------+---------+-------+---------
         Total |       0 |     300 |   0.0 |       0 |      82 |   0.0 |  2210
               +---------+---------+-------+---------+---------+-------+---------
           D:1 |       0 |      62 |   0.0 |       0 |      32 |   0.0 |   821
           D:2 |       0 |     142 |   0.0 |       0 |      31 |   0.0 |  1024
           D:3 |       0 |      96 |   0.0 |       0 |      19 |   0.0 |   365
               +---------+---------+-------+---------+---------+-------+---------
